 Dungeon Crawl Stone Soup version 0.14-a0-736-g2a71271 (webtiles) character file.

49 Malachi the Ruffian (level 2, -2/23 HPs)
             Began as a Draconian Transmuter on Nov 7, 2013.
             Was an Initiate of Makhleb.
             Killed from afar by Sigmund (5 damage)
             ... with a magic dart
             ... on Level 2 of the Dungeon.
             The game lasted 00:01:35 (963 turns).

Malachi the Ruffian (Draconian Transmuter)           Turns: 963, Time: 00:01:35

HP  -2/23        AC  4     Str 12      XL: 2   Next: 51%
MP   1/3         EV 16     Int 13      God: Makhleb [......]
Gold 31          SH  0     Dex 11      Spells:  2 memorised,  2 levels left

Res.Fire  : . . .   See Invis. : .   b - 12 arrows
Res.Cold  : . . .   Warding    : .   (armour unavailable)
Life Prot.: . . .   Conserve   : .   (no shield)
Res.Poison: .       Res.Corr.  : .   (helmet restricted)
Res.Elec. : .       Clarity    : .   (no cloak)
Sust.Abil.: . .     Spirit.Shd : .   (no gloves)
Res.Mut.  : .       Stasis     : .   (no boots)
Res.Rott. : .       Flight     : .   (no amulet)
Saprovore : . . .                    (no ring)
                                     i - +4 ring of evasion

@: very slightly contaminated, not resistant to hostile enchantments, unstealthy
A: unfitting armour, AC +4
a: Renounce Religion


You were on level 2 of the Dungeon.
You worshipped Makhleb.
Makhleb was noncommittal.
You were not hungry.

You visited 1 branch of the dungeon, and saw 2 of its levels.

You collected 31 gold pieces.

Inventory:

Missiles
 b - 12 arrows (in hand)
 c - 5 needles of frenzy
Armour
 j - a +0 cloak
Comestibles
 a - a bread ration
 l - a rotting chunk of giant newt flesh
Scrolls
 e - a scroll of identify {unknown}
 g - 4 scrolls of enchant weapon I {unknown}
 k - 4 scrolls of remove curse {unknown}
 o - a scroll of random uselessness {unknown}
 q - a scroll of magic mapping {unknown}
 r - a scroll of enchant armour {unknown}
Jewellery
 i - a +4 ring of evasion (left hand)
Potions
 f - a potion of confusion {unknown}
 h - 2 potions of curing {unknown}
 p - a potion of heal wounds {unknown}
Books
 d - a book of Changes

   Spells                             Type                      Level
   *Beastly Appendage                 Transmutation                1
   *Sticks to Snakes                  Transmutation                2
   Spider Form                        Transmutation/Poison         3
   Ice Form                           Ice/Transmutation            4
   Blade Hands                        Transmutation                5


   Skills:
 + Level 1.1 Fighting
 + Level 2.0 Dodging
 * Level 3.5 Unarmed Combat
 - Level 2.1 Spellcasting
 * Level 2.2 Transmutations


You had 2 spell levels left.
You knew the following spells:

 Your Spells              Type           Power        Failure   Level  Hunger
a - Beastly Appendage     Trmt           #.....       12%         1    ##.....
b - Sticks to Snakes      Trmt           #.........   17%         2    ###....


Dungeon Overview and Level Annotations

Branches:
Dungeon (2/27)

Altars:
Makhleb

Annotations:
D:2 Sigmund


Message History

You start memorising the spell.
You continue memorising.
You continue memorising.
You finish memorising.
Wield which item (- for none, * to show all)? (? for menu, Esc to quit)
b - 12 arrows (in hand)
Casting: Beastly Appendage
Confirm with . or Enter, or press ? or * to list all spells.
You miscast Sticks to Snakes.
You are very lightly contaminated with residual magic.
Waves of light ripple over your body.
Sigmund hits you from afar with a glowing scythe.
You convulse.
Sigmund casts a spell.
Sigmund is suddenly surrounded by pale red light.
Sigmund hits you from afar with a scythe of dragon slaying!
You convulse.
* * * LOW HITPOINT WARNING * * *
Sigmund gestures at you while chanting. The magic dart hits you!
You die...

........# ## ..........#
... ..........#+#....
#..................
...................
#######+##..............#
#.......................#
#.......................##
#........@...#####.......#
#............# #.......#
#######@###### #.......#
#.# #.......# #.#
#.......# #.#
######.......#
########'###
#...........##
...........# #.......#####
...........# #.......#


You could see Sigmund.

Vanquished Creatures
  A giant cockroach (D:1)
  3 hobgoblins (D:1)
  2 kobolds
  4 bats (D:1)
  3 giant newts
  3 goblins (D:1)
  2 rats (D:1)
18 creatures vanquished.

Notes
Turn   | Place    | Note
--------------------------------------------------------------
     0 | D:1      | Malachi, the Draconian Transmuter, began the quest for the Orb.
     0 | D:1      | Reached XP level 1. HP: 16/16 MP: 1/1
   230 | D:1      | Reached XP level 2. HP: 21/23 MP: 3/3
   886 | D:2      | Found a burning altar of Makhleb.
   895 | D:2      | Became a worshipper of Makhleb the Destroyer
   945 | D:2      | Noticed Sigmund
   954 | D:2      | Learned a level 2 spell: Sticks to Snakes
   963 | D:2      | Killed from afar by Sigmund

Action                   || total
-------------------------++-------
Melee: Unarmed           ||    80
 Cast: Beastly Appendage ||     2
